[Event "Early-Titled-Tuesday-Blitz-February-06-2024"]
[Site "Chess.com"]
[Date "2024.02.06"]
[Round "3"]
[White "MNyuyu"]
[Black "Nasrin_Babayeva"]
[Result "1/2-1/2"]
[WhiteElo "2307"]
[BlackElo "1920"]
[TimeControl "180+1"]
[EndTime "8:28:20 PST"]
[Termination "Game drawn by repetition"]

1. d4 d6 2. Nf3 Bg4 3. c4 Bxf3 4. gxf3 e6 5. Nc3 Nd7 6. e4 Ngf6 7.
Rg1 Be7 8. f4 O-O 9. e5 dxe5 10.
fxe5 Ne8 11. Bd3 g6 12. Bh6 Ng7 13. Qe2 Bb4 14. Bd2 Qh4 15. Rg4 Qxh2 16. O-O-O c5 17.
a3 cxd4 18. axb4 dxc3 19. Bxc3 Rfd8 20. Rgg1 Qf4+ 21. Kb1 Rac8 22. Rh1 Nb6 23. b3 Rd7 24.
Bc2 Rcd8 25. Rxd7 Rxd7 26. Rd1 Nf5 27. Rxd7 Nxd7 28. Qd3 Nxe5 29. Qd8+ Kg7 30. Qc7 Kf6 31. Qd8+ Ne7 32. Qd6 Nc8 33. Qc7 Ne7 34. b5 g5 35.
c5 Ng6 36. c6 bxc6 37. bxc6 Qxf2 38. Kb2 Qc5 39. Qd8+ Ne7 40. c7 g4 41. b4 Qc6 42.
Ba4 Qc4 43. Bd7 Qe2+ 44. Ka3 Qa6+ 45. Kb2 Qe2+ 46. Kb3 Qc4+ 47. Kb2 Qe2+ 1/2-1/2

[Event "Early-Titled-Tuesday-Blitz-February-06-2024"]
[Site "Chess.com"]
[Date "2024.02.06"]
[Round "3"]
[White "Gennady_Kozlov"]
[Black "lilleper1"]
[Result "1/2-1/2"]
[WhiteElo "2712"]
[BlackElo "2917"]
[TimeControl "180+1"]
[EndTime "8:28:21 PST"]
[Termination "Game drawn - insufficient material"]

1. Nf3 Nf6 2. g3 c5 3. Bg2 Nc6 4. O-O g6 5. c3 Bg7 6. d4 d5 7.
Bf4 O-O 8. Nbd2 b6 9. Re1 Bb7 10. Ne5 Rc8 11. Nxc6 Bxc6 12. Nf3 Nd7 13. Qd2 b5 14.
Bh6 Qb6 15. Bxg7 Kxg7 16. Ne5 Nxe5 17. dxe5 Rfd8 18. Qf4 d4 19. Bxc6 Qxc6 20. cxd4 Rxd4 21. Qg5 Qe6 22. Red1 Rcd8 23. Rxd4 Rxd4 24. Qe3 Qd5 25. f4 h5 26. a3 Re4 27. Qd3 Qc4 28. Kf2 h4 29.
Rd1 g5 30. Qxc4 hxg3+ 31. hxg3 Rxc4 32. Rd7 gxf4 33. gxf4 Rxf4+ 34. Ke3 Ra4 35. Rxe7 Kg6 36. Rc7 c4 37. Kd4 Ra6 38. Kc5 Re6 39. Kxb5 Rxe5+ 40. Kxc4 Rxe2 41. Rxa7 Rxb2 42. a4 f5 43. a5 f4 44.
Ra8 Kg7 45. Ra7+ Kg6 46. Ra6+ Kf5 47. Ra8 Ke4 48. Re8+ Kf3 49. a6 Ra2 50. Kb5 Kf2 51.
Kb6 f3 52. a7 Kf1 53. Re5 Rxa7 54. Kxa7 f2 55. Rf5 Kg2 56. Rg5+ Kf3 57. Rf5+ Kg2 58.
Kb6 f1=Q 59. Rxf1 Kxf1 1/2-1/2

[Event "Early-Titled-Tuesday-Blitz-February-06-2024"]
[Site "Chess.com"]
[Date "2024.02.06"]
[Round "3"]
[White "Leonid_Starozhilov"]
[Black "betta2004"]
[Result "0-1"]
[WhiteElo "2722"]
[BlackElo "2531"]
[TimeControl "180+1"]
[EndTime "8:28:21 PST"]
[Termination "betta2004 won on time"]

1. e4 e5 2. Nc3 Nf6 3. Nf3 Bc5 4. Bc4 d6 5. d3 O-O 6. h3 h6 7. Be3 Bb6 8. Bb3 c6 9. O-O Re8 10. Re1 Nbd7 11. Qd2 Nf8 12. d4 Ng6 13. Rad1 Qe7 14. a3 Nh5 15. Bxh6 gxh6 16. Qxh6 Ngf4 17. Ng5 Qf6 18.
Bxf7+ Qxf7 19. Nxf7 Kxf7 20. Qxd6 Bxd4 21. Rxd4 exd4 22.
Qxd4 Rg8 23. g3 Nxh3+ 24. Kf1 Ng5 25. Rd1 Bh3+ 26. Ke2 Bg4+ 27. Ke3 Bxd1 28. Nxd1 Rad8 29. Qc4+ Kg6 30. Nc3 Rge8 31. f4 Nxe4 32. Nxe4 Nxg3 33. f5+ Nxf5+ 34. Kf2 Rd4 35. Qb3 Rdxe4 36. Qxb7 Re2+ 37. Kf3 R2e3+ 38. Kf2 R8e6 39. Qxa7 Rf6 40. Kg2 Nh4+ 41. Kg1 Rg3+ 42. Kh2 Rg4 43. Qa8 Kg5 44. Qg8+ Ng6 45. Qc8 Rf8 0-1

[Event "Early-Titled-Tuesday-Blitz-February-06-2024"]
[Site "Chess.com"]
[Date "2024.02.06"]
[Round "3"]
[White "DinaBelenkaya"]
[Black "GlavkonVVS"]
[Result "0-1"]
[WhiteElo "2415"]
[BlackElo "2610"]
[TimeControl "180+1"]
[EndTime "8:28:21 PST"]
[Termination "GlavkonVVS won on time"]

1. Nf3 Nf6 2. g3 g6 3. Bg2 Bg7 4. O-O O-O 5. d3 d6 6. e4 e5 7.
Nbd2 h6 8. Nc4 Be6 9. Ne3 Nbd7 10. b3 b5 11. Bb2 a6 12. Re1 c5 13. Nd2 Nb6 14. f4 Qc7 15. f5 Bd7 16. g4 g5 17.
h4 Nh7 18. Ndf1 gxh4 19. Re2 Bf6 20. Nh2 Kh8 21. Nf3 Rg8 22. Kh2 Rg7 23. Qe1 Qd8 24.
Bh3 Rc8 25. Bc1 Bg5 26. Ng2 c4 27. Ngxh4 cxd3 28. cxd3 Rxc1 29. Rxc1 Bf4+ 30. Kh1 Ng5 31. Rcc2 Nxh3 32. d4 Rxg4 33. dxe5 Bxe5 34. Rcd2 Qe7 35.
Rg2 Rxh4 36. Nxh4 Nf4 37. Rh2 Bc6 38. Nf3 Qf6 39. Nxe5 dxe5 40. Qg3 Nd7 41. Rd1 Bxe4+ 42. Kg1 Nf8 43. Kf2 Nd3+ 0-1

[Event "Early-Titled-Tuesday-Blitz-February-06-2024"]
[Site "Chess.com"]
[Date "2024.02.06"]
[Round "3"]
[White "iJueles"]
[Black "Hasangatin_Ramil"]
[Result "0-1"]
[WhiteElo "2450"]
[BlackElo "2667"]
[TimeControl "180+1"]
[EndTime "8:28:22 PST"]
[Termination "Hasangatin_Ramil won on time"]

1. Nf3 d5 2. d4 Nf6 3. Bg5 Ne4 4. Bf4 c5 5. c3 Qb6 6. Qb3 Nc6 7. Nbd2 Bf5 8. e3 e6 9. h3 c4 10. Qxb6 axb6 11.
Nh4 b5 12. Nxf5 exf5 13. f3 Nxd2 14. Kxd2 b4 15. e4 fxe4 16. fxe4 dxe4 17. Bxc4 bxc3+ 18. bxc3 f5 19. g4 g6 20. gxf5 gxf5 21. Be6 Ne7 22.
Be5 Rg8 23. Bxg8 Nxg8 24. Rhb1 O-O-O 25. Ke3 Ne7 26. Rf1 Bh6+ 27. Ke2 Rg8 28. Rg1 Ng6 29. Raf1 Rf8 30. h4 Kd7 31. h5 Nxe5 32. dxe5 Ke6 33. Rb1 Kxe5 34. Rxb7 Ra8 35. Rb5+ Kf4 36. Rf1+ Kg4 37.
Rfxf5 Rxa2+ 38. Kf1 Bf4 39. Rfd5 Kf3 40. Rd1 e3 41.
Re1 Rf2+ 42. Kg1 Rg2+ 43. Kh1 Rh2+ 44. Kg1 e2 45. Rf5 Rg2+ 46. Kh1 Rg4 0-1

[Event "Early-Titled-Tuesday-Blitz-February-06-2024"]
[Site "Chess.com"]
[Date "2024.02.06"]
[Round "3"]
[White "Muracle"]
[Black "BestestBP"]
[Result "1-0"]
[WhiteElo "2490"]
[BlackElo "2267"]
[TimeControl "180+1"]
[EndTime "8:28:22 PST"]
[Termination "Muracle won by checkmate"]

1. d4 d6 2. Nf3 Nf6 3. g3 Nbd7 4.
Bg2 g6 5. O-O Bg7 6. c4 O-O 7.
Nc3 e5 8. d5 Nh5 9. e4 f5 10.
exf5 gxf5 11. Ng5 Ndf6 12. Ne6 Bxe6 13. dxe6 e4 14. Bg5 Qe8 15. Nd5 Rc8 16. Bh3 c6 17. Nxf6+ Bxf6 18. e7 Bxg5 19. exf8=Q+ Kxf8 20. Bxf5 Rd8 21. f4 Bf6 22. Qg4 Ng7 23. Bxh7 Bxb2 24. Rae1 Bd4+ 25.
Kh1 d5 26. cxd5 cxd5 27. f5 Bf6 28. Bg6 Qe7 29. Qh3 Qc5 30. Rc1 Qb6 31. g4 e3 32.
g5 d4 33. gxf6 Qxf6 34. Qh8+ Ke7 35. Rc7+ Rd7 36. Rxd7+ Kxd7 37. Qg8 e2 38. Re1 Qc6+ 39. Kg1 d3 40. Qxg7+ Kd6 41. Qd4+ Qd5 42. Qxd5+ Kxd5 43. Kf2 d2 44. Kxe2 dxe1=Q+ 45. Kxe1 Ke5 46. h4 Kf6 47. h5 Kg7 48. Kd2 b5 49. Kc3 a5 50. a3 b4+ 51. axb4 axb4+ 52. Kxb4 Kh8 53. Kc4 Kg7 54. Kd4 Kh8 55. Ke4 Kg7 56. Kf4 Kh8 57. Kg5 Kg7 58. f6+ Kh8 59. Kf5 Kg8 60. Ke6 Kh8 61. Ke7 Kg8 62. h6 Kh8 63. Bf5 Kg8 64. f7+ Kh8 65. f8=Q# 1-0

[Event "Early-Titled-Tuesday-Blitz-February-06-2024"]
[Site "Chess.com"]
[Date "2024.02.06"]
[Round "3"]
[White "SmirnovTimofey2000"]
[Black "erugee"]
[Result "1/2-1/2"]
[WhiteElo "1980"]
[BlackElo "2331"]
[TimeControl "180+1"]
[EndTime "8:28:23 PST"]
[Termination "Game drawn by repetition"]

1. e4 e5 2. Nf3 Nc6 3. Bc4 Be7 4. O-O Nf6 5. Nc3 O-O 6. d4 d6 7. h3 Nxe4 8. Nxe4 d5 9. Bxd5 Qxd5 10. Nc3 Qd6 11.
Nb5 Qg6 12. Kh1 e4 13. Ne5 Nxe5 14. dxe5 Bd8 15. Be3 a6 16. Nc3 Re8 17. Qd4 Bg5 18. Bxg5 Qxg5 19. Nxe4 Qxe5 20. Qxe5 Rxe5 21. f3 Be6 22.
Rfd1 h6 23. b4 b6 24. a3 a5 25. c3 f5 26. Nf2 axb4 27. axb4 Rxa1 28. Rxa1 Bc4 29.
Kg1 Re3 30. Nd1 Re2 31. Rb1 Rd2 32. Ra1 f4 33. Rb1 Kf7 34. Ra1 Ke6 35. Nf2 Bd5 36. Re1+ Kd6 37. Ne4+ Bxe4 38. Rxe4 g5 39. Rc4 c5 40.
bxc5+ bxc5 41. Re4 Rc2 42. c4 Rc1+ 43. Kf2 Rc2+ 44.
Kf1 Rc3 45. Ke2 Ra3 46. Kf1 Ra2 47. Kg1 Ra3 48. Kf1 Ra1+ 49. Kf2 Ra3 50. Kf1 1/2-1/2

[Event "Early-Titled-Tuesday-Blitz-February-06-2024"]
[Site "Chess.com"]
[Date "2024.02.06"]
[Round "3"]
[White "ahkashefi2800"]
[Black "ashookk"]
[Result "0-1"]
[WhiteElo "2525"]
[BlackElo "2304"]
[TimeControl "180+1"]
[EndTime "8:28:24 PST"]
[Termination "ashookk won by checkmate"]

1. e4 d6 2. d4 Nf6 3. Bd3 e5 4. dxe5 dxe5 5. Nf3 Nbd7 6. Bg5 Be7 7. Nbd2 c6 8. O-O Qc7 9. c3 O-O 10. Qe2 Rb8 11. Rfe1 b5 12. Rad1 Nc5 13. Bc2 Ne6 14.
Bxf6 Bxf6 15. Nf1 Nf4 16. Qd2 Bg4 17. Ne3 Bxf3 18. gxf3 Rbd8 19. Qc1 Qc8 20. Ng4 Bg5 21. Kh1 h5 22. Rxd8 Rxd8 23. Ne3 Qh3 24. Bd1 Nd3 25. Qd2 Nxe1 26. Qxe1 Bxe3 27. fxe3 Qd7 28. Bb3 Qd2 29. Qg1 Qe2 30. Qg3 Qf1+ 31. Qg1 Qxg1+ 32. Kxg1 Rd2 33. h4 Rxb2 34. f4 Kf8 35. fxe5 Re2 36. e6 fxe6 37. Bxe6 Rxe3 38. Bd7 Rxc3 39. Kf2 Ke7 40. Bf5 Kf6 41.
Ke2 Ke5 42. Bg6 Ra3 43. Bf7 c5 44. Bxh5 Rxa2+ 45. Kf3 c4 46. Ke3 Ra3+ 47. Kd2 Rh3 48. Be8 a6 49. Bd7 Rxh4 50. Kc3 Rxe4 51. Kb4 g5 52.
Bc8 Re3 53. Bxa6 Rb3+ 54. Kc5 g4 55. Bb7 c3 56. Bd5 c2 57. Bxb3 c1=Q+ 58. Kb4 g3 59. Ba4 bxa4 60. Kb5 a3 61. Kb4 a2 62. Kb3 a1=Q 63. Kb4 Qab2+ 64. Ka4 Qca1# 0-1

[Event "Early-Titled-Tuesday-Blitz-February-06-2024"]
[Site "Chess.com"]
[Date "2024.02.06"]
[Round "3"]
[White "Road2GM3000"]
[Black "LuisFSiles"]
[Result "1-0"]
[WhiteElo "2463"]
[BlackElo "2244"]
[TimeControl "180+1"]
[EndTime "8:28:24 PST"]
[Termination "Road2GM3000 won on time"]

1. d4 Nf6 2. c4 g6 3. Nc3 d5 4.
Bg5 Ne4 5. Bh4 Nxc3 6. bxc3 dxc4 7. e3 b5 8. a4 Nd7 9. axb5 Nb6 10. Nf3 Bg7 11. Ne5 Bxe5 12. dxe5 Qxd1+ 13. Rxd1 Bd7 14. Rb1 a6 15. bxa6 Rxa6 16. Be2 Ra3 17. Rc1 h6 18.
O-O g5 19. Bg3 O-O 20. Rfd1 Be6 21. h4 Na4 22. Rd4 Nxc3 23. Bxc4 Bxc4 24. Rxc4 Ne2+ 25. Kh2 Nxc1 26. Rxc1 Rc8 27. e6 c5 28. exf7+ Kxf7 29. Rc4 Rb3 30. hxg5 hxg5 31. Be5 Rb4 32. Rc2 c4 33. Kg3 Ke6 34. Bd4 Kf5 35. f3 e5 36.
Bc3 Rb1 37. e4+ Ke6 38. Kg4 Rb7 39. Bd2 Rg7 40. Be3 Kd6 41. Bd2 Kc5 42. Bc3 Re8 43. Rd2 Kb5 44. Rd5+ Ka4 45. Bxe5 Kb3 46. Bxg7 c3 47. Rd3 Rc8 48. Rxc3+ Rxc3 49. Bxc3 Kxc3 50. e5 1-0

[Event "Early-Titled-Tuesday-Blitz-February-06-2024"]
[Site "Chess.com"]
[Date "2024.02.06"]
[Round "3"]
[White "Boundless_Strike"]
[Black "AccioChess"]
[Result "1-0"]
[WhiteElo "2668"]
[BlackElo "2446"]
[TimeControl "180+1"]
[EndTime "8:28:25 PST"]
[Termination "Boundless_Strike won by resignation"]

1. d4 Nf6 2. f3 d5 3. e4 dxe4 4. Nc3 exf3 5. Nxf3 Bg4 6. h3 Bxf3 7. Qxf3 c6 8. g4 e6 9. g5 Nd5 10. Bd3 Bb4 11.
O-O Qe7 12. Ne4 f5 13. gxf6 Nxf6 14. Nxf6+ gxf6 15. Qxf6 Rg8+ 16. Kh1 Nd7 17. Qxe7+ Kxe7 18. h4 Rg7 19. Bg5+ Kd6 20. c3 Ba5 21. Rg1 Rag8 22. Bxh7 Rxh7 23. Bf4+ Ke7 24. Rxg8 Rxh4+ 25. Bh2 Bc7 26.
Rg2 Nf6 27. Kg1 Bxh2+ 28. Rxh2 Rg4+ 29. Rg2 Rxg2+ 30. Kxg2 Nd5 31. Kf3 Kd6 32. Ke4 b5 33.
Rc1 a5 34. b3 b4 35. c4 Nc3+ 36. Rxc3 bxc3 37. Kd3 c5 38. Kxc3 cxd4+ 39. Kxd4 e5+ 40. Ke4 Ke6 41. a3 1-0

[Event "Early-Titled-Tuesday-Blitz-February-06-2024"]
[Site "Chess.com"]
[Date "2024.02.06"]
[Round "3"]
[White "N4700000"]
[Black "SashaKuzhilniy"]
[Result "1-0"]
[WhiteElo "2435"]
[BlackElo "2599"]
[TimeControl "180+1"]
[EndTime "8:28:25 PST"]
[Termination "N4700000 won by resignation"]

1. e4 g6 2. d4 Bg7 3. Nf3 d6 4. Be2 Nf6 5. Nc3 O-O 6. Be3 a6 7. Qd2 b5 8. a3 Bb7 9. d5 c6 10. O-O-O cxd5 11. exd5 Nbd7 12. Bh6 Qa5 13. Bxg7 Kxg7 14.
Kb1 Nb6 15. Qd4 Nxd5 16. Nxd5 Bxd5 17. g4 e5 18. Qb4 Qxb4 19. axb4 h6 20. h4 Bxf3 21.
Bxf3 e4 22. g5 hxg5 23. hxg5 exf3 24. gxf6+ Kxf6 25. Rxd6+ Ke7 26. Rd3 Rfd8 27. Re1+ Kf8 28. Rxf3 Rd2 29. c3 a5 30. bxa5 Rxa5 31. Re5 Rd6 32. Rf4 Ra4 33. Rxa4 bxa4 34. Kc2 Rf6 35.
Re2 Rf4 36. Kd3 f5 37. c4 g5 38. Kc3 g4 39. Kb4 Rd4 40. Kb5 f4 41. c5 g3 42.
fxg3 fxg3 43. c6 Rd8 44. c7 Rc8 45. Kc6 Kf7 46. Kd7 Rg8 47. c8=Q Rxc8 48. Kxc8 Kf6 49. Rg2 1-0

[Event "Early-Titled-Tuesday-Blitz-February-06-2024"]
[Site "Chess.com"]
[Date "2024.02.06"]
[Round "3"]
[White "cukricek"]
[Black "anasta10"]
[Result "1-0"]
[WhiteElo "2332"]
[BlackElo "2538"]
[TimeControl "180+1"]
[EndTime "8:28:25 PST"]
[Termination "cukricek won by resignation"]

1. g3 g6 2. Bg2 Bg7 3. Nf3 Nf6 4. O-O O-O 5. c4 c5 6. Nc3 Nc6 7. a3 d6 8. Rb1 a5 9. d3 e5 10. Ne1 Be6 11. Nc2 Qd7 12. b4 axb4 13. axb4 cxb4 14. Nxb4 Bh3 15. Bg5 Bxg2 16. Kxg2 Nd4 17. Nbd5 Nxd5 18. Nxd5 f6 19. Be3 Nf5 20. Qb3 Rab8 21. Ba7 Nd4 22. Qb2 Rbe8 23. e3 Nc6 24. Qxb7 Rf7 25. Qxd7 Rxd7 26.
Bb6 f5 27. Rb5 Ra8 28. Rfb1 Kf7 29. e4 Ra3 30. R5b3 Ra2 31. Be3 fxe4 32. dxe4 Na5 33. Rc3 Nc6 34. c5 dxc5 35. Rxc5 Nd4 36. Rc4 Ne6 37.
Rcb4 Ra8 38. Rb7 Rd8 39. h4 Bf8 40. Bg5 Nxg5 41. hxg5 Be7 42. f4 exf4 43. gxf4 Ke6 44.
R1b6+ Kf7 45. Kf3 Bc5 46. Rb5 Be7 47. Kg4 Ke6 48. R5b6+ Kf7 49. Rb1 Ke6 50. Rxd7 Rxd7 51. Rh1 Bf8 52. Nf6 Rd4 53. Rxh7 Be7 54. Nd5 Ba3 55.
Nc7+ Kd6 56. Nb5+ 1-0

[Event "Early-Titled-Tuesday-Blitz-February-06-2024"]
[Site "Chess.com"]
[Date "2024.02.06"]
[Round "3"]
[White "alexrustemov"]
[Black "Flameboard08"]
[Result "0-1"]
[WhiteElo "2756"]
[BlackElo "2565"]
[TimeControl "180+1"]
[EndTime "8:28:26 PST"]
[Termination "Flameboard08 won on time"]

1. d4 b6 2. Nf3 Bb7 3. c4 d6 4.
Nc3 Nd7 5. e4 g6 6. Bd3 Bg7 7.
O-O e5 8. d5 Ne7 9. Rb1 O-O 10.
b4 a5 11. a3 h6 12. Nd2 f5 13. f3 f4 14. Nb3 axb4 15. axb4 Ba6 16. c5 Bxd3 17. Qxd3 bxc5 18. bxc5 h5 19. cxd6 cxd6 20.
Nb5 Qb6+ 21. Kh1 Rfb8 22. Nd2 Qa6 23. Ba3 Rb6 24. Rb3 Nc8 25. Rfb1 Bf8 26. Nc4 Rb7 27. Nc3 Rxb3 28. Rxb3 Ncb6 29. Nb2 Qa5 30. Qb5 Qa7 31. h3 Rc8 32. Kh2 Nc5 33. Bxc5 Rxc5 34. Qe8 Qg7 35.
Rxb6 Rxc3 36. Rb8 Rc2 37. Na4 Qf6 38. Nb6 Kg7 39. Nd7 Qe7 40. Qxf8+ Qxf8 41. Nxf8 Kf7 42. Ne6 Ra2 0-1

[Event "Early-Titled-Tuesday-Blitz-February-06-2024"]
[Site "Chess.com"]
[Date "2024.02.06"]
[Round "3"]
[White "FormerProdigy"]
[Black "Triumphmate"]
[Result "1-0"]
[WhiteElo "3023"]
[BlackElo "2516"]
[TimeControl "180+1"]
[EndTime "8:28:26 PST"]
[Termination "FormerProdigy won by resignation"]

1. c4 e6 2. g3 d5 3. Bg2 Nf6 4. b3 Be7 5. Nf3 O-O 6. Bb2 b6 7. O-O Bb7 8. e3 Nbd7 9. Qe2 c5 10.
d3 Rc8 11. Nc3 Re8 12. Rad1 Nf8 13. Ne5 Ng6 14. f4 Qc7 15. Nxg6 hxg6 16. e4 dxe4 17.
dxe4 Rcd8 18. e5 Bxg2 19. Kxg2 Nd7 20. Qf3 a6 21. Ne4 Nb8 22. h4 Rxd1 23. Rxd1 Rd8 24.
Rh1 Qd7 25. h5 Qd3 26. Qxd3 Rxd3 27. hxg6 fxg6 28. Kf2 Nc6 29. Ke2 Nb4 30. Bc3 Rd7 31. Bxb4 cxb4 32. Rd1 Rc7 33. Kf3 Kf7 34. Nd6+ Bxd6 35.
exd6 Rd7 36. Ke4 Kf6 37. g4 e5 38. fxe5+ Ke6 39. Kf4 a5 40. Kg5 Kxe5 41. Kxg6 Ke6 42.
g5 Rd8 43. Kxg7 a4 44. bxa4 Kd7 45. g6 Ra8 46. Kf7 1-0

[Event "Early-Titled-Tuesday-Blitz-February-06-2024"]
[Site "Chess.com"]
[Date "2024.02.06"]
[Round "3"]
[White "Kunalm64"]
[Black "Iana_Shirova"]
[Result "1-0"]
[WhiteElo "2562"]
[BlackElo "2288"]
[TimeControl "180+1"]
[EndTime "8:28:26 PST"]
[Termination "Kunalm64 won by checkmate"]

1. e4 e5 2. Nf3 Nc6 3. Bb5 a6 4. Ba4 Nf6 5. O-O d6 6. Bxc6+ bxc6 7. Re1 g6 8. c3 Bg7 9. d4 exd4 10. cxd4 O-O 11.
Nc3 Nd7 12. h3 c5 13. Bg5 f6 14. Be3 cxd4 15. Nxd4 Nc5 16. b4 Ne6 17. Rc1 Kh8 18.
Nd5 c6 19. Nxc6 Qe8 20. Nb6 Bb7 21. Qxd6 Bxc6 22. Rxc6 Nd8 23. Rc7 Nf7 24. Qe7 Qxe7 25. Rxe7 Rae8 26. Rxe8 Rxe8 27. Bc5 Ne5 28. Rd1 f5 29. f4 Nc6 30. e5 Bh6 31. g3 g5 32.
Nd5 gxf4 33. gxf4 Rd8 34. Bd6 Kg8 35. Rc1 Nd4 36. Rc7 Ne2+ 37. Kf2 Nxf4 38. Nf6+ Kh8 39.
Rxh7# 1-0

[Event "Early-Titled-Tuesday-Blitz-February-06-2024"]
[Site "Chess.com"]
[Date "2024.02.06"]
[Round "3"]
[White "FoxOnTheRun97"]
[Black "KaterynaLagno"]
[Result "1-0"]
[WhiteElo "2654"]
[BlackElo "2828"]
[TimeControl "180+1"]
[EndTime "8:28:27 PST"]
[Termination "FoxOnTheRun97 won by checkmate"]

1. d4 Nf6 2. Bg5 d5 3. Bxf6 gxf6 4. e3 c5 5. Nf3 Nc6 6. c4 cxd4 7. Nxd4 e5 8. Nxc6 bxc6 9. cxd5 cxd5 10. Bb5+ Ke7 11. O-O Bb7 12. Nc3 Rg8 13. Qf3 Rb8 14. Rad1 Ke6 15.
Ne4 f5 16. Qh3 Qb6 17. Ng3 Rg5 18. Bd3 e4 19. Bc2 Kf6 20. Qxh7 Qe6 21. Bb3 a5 22. Nh5+ Ke7 23. Nf4 Qe5 24. Qh4 Qf6 25. Bxd5 Rg4 26.
Qxf6+ Kxf6 27. Bxb7 Rxb7 28. b3 Bb4 29. Rd5 Rg8 30.
Ne2 Ke6 31. Nf4+ Kf6 32. Rfd1 Rc8 33. h4 Rc2 34. a4 Rb2 35. h5 Rxb3 36. Ne2 Ke6 37.
Ng3 f4 38. exf4 e3 39. f5+ Kf6 40. fxe3 Rxe3 41. Kf2 Ra3 42. Ne4+ Kg7 43. f6+ Kh7 44. Rg5 Kh6 45. Rg8 Bc3 46. Rh8# 1-0

[Event "Early-Titled-Tuesday-Blitz-February-06-2024"]
[Site "Chess.com"]
[Date "2024.02.06"]
[Round "3"]
[White "dennisodessa"]
[Black "esrosenberg"]
[Result "0-1"]
[WhiteElo "2600"]
[BlackElo "2435"]
[TimeControl "180+1"]
[EndTime "8:28:27 PST"]
[Termination "esrosenberg won by resignation"]

1. d4 d5 2. c4 c6 3. Nf3 Nf6 4.
e3 a6 5. Nbd2 Bf5 6. Nh4 e6 7.
Nxf5 exf5 8. Bd3 g6 9. O-O b5 10. cxd5 Nxd5 11. Nb3 Bg7 12. Bd2 O-O 13. Rc1 Re8 14. Ba5 Qe7 15. Qf3 Ra7 16. Nc5 Nd7 17. Rc2 Nxc5 18. Rxc5 f4 19. Rxc6 Nb4 20. Bxb4 Qxb4 21.
Qxf4 Qxb2 22. Rc2 Qa3 23. Be2 Rae7 24. h3 Qa4 25. Rd2 Qb4 26. Rfd1 Re6 27. Bf3 Rf6 28. Qc7 Re7 29. Qb8+ Bf8 30. Rc2 Qd6 31. Rc8 Qxb8 32.
Rxb8 Rc7 33. Ra8 Kg7 34. e4 Rb6 35. e5 Rc2 36. d5 Bc5 37. d6 Rxf2 38. Kh1 Rxa2 39.
d7 Be7 40. Re8 Bh4 41. d8=Q Bxd8 42. Rdxd8 b4 43. Re7 b3 44. Rdd7 b2 45. Rxf7+ Kh6 46. Be4 b1=Q+ 47. Kh2 Qxe4 48. Rxh7+ Kg5 0-1

[Event "Early-Titled-Tuesday-Blitz-February-06-2024"]
[Site "Chess.com"]
[Date "2024.02.06"]
[Round "3"]
[White "The_Straightforward_Rook"]
[Black "bteillet"]
[Result "1-0"]
[WhiteElo "2391"]
[BlackElo "2147"]
[TimeControl "180+1"]
[EndTime "8:28:28 PST"]
[Termination "The_Straightforward_Rook won by checkmate"]

1. e4 d6 2. d4 Nf6 3. Bd3 g6 4.
Nf3 Bg7 5. O-O O-O 6. Re1 Bg4 7. Nbd2 e5 8. c3 c6 9. h3 Bxf3 10. Nxf3 Qc7 11. Bg5 Nbd7 12. a4 a5 13. Rc1 Rfe8 14.
Bb1 Rab8 15. Bh4 b5 16. axb5 cxb5 17. Bg3 Qb7 18. Bh2 Rbc8 19. Ba2 b4 20. Ng5 Rf8 21.
cxb4 axb4 22. dxe5 dxe5 23. Rxc8 Qxc8 24. Nxf7 Rxf7 25.
Qb3 Qf8 26. Rd1 Nc5 27. Qc4 Ncxe4 28. Bxe5 Ng5 29. Bxf6 Bxf6 30. h4 Bxb2 31. hxg5 Kg7 32. Qxf7+ Qxf7 33. Bxf7 Kxf7 34. Rd7+ Ke6 35. Rxh7 Kf5 36.
Rb7 Bc3 37. Kh2 Kxg5 38. Kg3 Be5+ 39. Kf3 Bc3 40. Ke4 Kf6 41. f4 Bd2 42. g4 Bc3 43.
Rb6+ Kg7 44. f5 gxf5+ 45. Kxf5 Kf7 46. Rb7+ Kg8 47. g5 Kh8 48. g6 Bd4 49. Rxb4 Bc3 50. Rb8+ Kg7 51. Rb7+ Kf8 52. Kg5 Kg8 53. g7 Bxg7 54.
Kg6 Bf8 55. Rb8 Kh8 56. Rxf8# 1-0

[Event "Early-Titled-Tuesday-Blitz-February-06-2024"]
[Site "Chess.com"]
[Date "2024.02.06"]
[Round "3"]
[White "Alexander_Donchenko"]
[Black "Mackster23"]
[Result "0-1"]
[WhiteElo "2921"]
[BlackElo "2726"]
[TimeControl "180+1"]
[EndTime "8:28:29 PST"]
[Termination "Mackster23 won by checkmate"]

1. c4 Nf6 2. g3 e6 3. Bg2 d5 4. Nf3 d4 5. d3 Nc6 6. O-O Bc5 7. Nbd2 O-O 8. Nb3 Be7 9. e3 dxe3 10. Bxe3 a5 11.
a4 e5 12. Re1 Bf5 13. d4 e4 14.
Nfd2 Bb4 15. h3 Re8 16. Kh2 h6 17. Re2 Bg6 18. Qc2 Bf8 19. Nb1 Nb4 20. Qd2 Nd3 21.
Nc3 Qd7 22. Rf1 Bh5 23. f3 exf3 24. Bxf3 Bg6 25. d5 Ne5 26. c5 Bd3 27. c6 bxc6 28. dxc6 Qc8 29. Nd5 Nxf3+ 30. Rxf3 Bxe2 31. Nxf6+ gxf6 32. Qxe2 Qe6 33. Nd4 Qe4 34. Nf5 Re5 35. Qf2 Rae8 36. Bd4 R5e6 37. h4 Qxc6 38. Be3 h5 39. Kh3 Qe4 40.
Kh2 Re5 41. Rf4 Qd5 42. Rf3 Qe6 43. Kh3 Rxf5 44. Rxf5 Qxe3 45. Qf1 Qe4 46. Qd1 Qxf5+ 47. Kh2 Qg4 48. Qd2 Re2+ 49. Kh1 Rxd2 50. b4 Qd1# 0-1

[Event "Early-Titled-Tuesday-Blitz-February-06-2024"]
[Site "Chess.com"]
[Date "2024.02.06"]
[Round "3"]
[White "biostatistician"]
[Black "Balla_Tamas"]
[Result "1-0"]
[WhiteElo "2602"]
[BlackElo "2408"]
[TimeControl "180+1"]
[EndTime "8:28:29 PST"]
[Termination "biostatistician won by checkmate"]

1. d4 d5 2. c4 e6 3. Nc3 c5 4.
e3 Nc6 5. Nf3 Nf6 6. a3 a6 7.
dxc5 Bxc5 8. b4 Ba7 9. Bb2 O-O 10. Rc1 dxc4 11. Qxd8 Rxd8 12. Bxc4 b5 13. Bb3 Bb7 14. Ke2 Rac8 15. Rhd1 Ne7 16. h4 h6 17. Ne5 Ned5 18. Nxd5 Nxd5 19. g3 Bb6 20. e4 Ne7 21. Rxc8 Nxc8 22.
Rxd8+ Bxd8 23. f3 Bc7 24. g4 Ne7 25. h5 Nc6 26. Nd3 Bb6 27. Nc5 Bxc5 28. bxc5 Na5 29. Ba2 Bc6 30. Ke3 Kf8 31. Bc3 Nb7 32. Kd4 Ke7 33. f4 f6 34. e5 Nd8 35. Ba5 Nf7 36.
Bc7 Bf3 37. Bd6+ Nxd6 38. cxd6+ Kd7 39. f5 Bxg4 40. Bxe6+ Kd8 41. Bf7 Kd7 42. Kd5 Bf3+ 43.
Kd4 Bg4 44. Bg6 a5 45. Kd5 Bf3+ 46. Kd4 b4 47. axb4 axb4 48. Bf7 Bd1 49. Be6+ Kd8 50. Bc4 b3 51. e6 Bc2 52. e7+ Kd7 53. Bb5+ Kxd6 54.
e8=Q b2 55. Qd8# 1-0

[Event "Early-Titled-Tuesday-Blitz-February-06-2024"]
[Site "Chess.com"]
[Date "2024.02.06"]
[Round "3"]
[White "AttilaTurzo"]
[Black "HanSchut"]
[Result "0-1"]
[WhiteElo "2447"]
[BlackElo "2262"]
[TimeControl "180+1"]
[EndTime "8:28:29 PST"]
[Termination "HanSchut won by resignation"]

1. d4 Nf6 2. Bf4 d5 3. e3 e6 4. Nf3 Bd6 5. Nbd2 b6 6. c3 Bb7 7. Bd3 Ne4 8. O-O Nd7 9. Bxd6 cxd6 10. c4 Nxd2 11. Nxd2 dxc4 12. Nxc4 Qe7 13. Qg4 O-O 14.
Qg3 Ba6 15. Rfc1 Bxc4 16. Rxc4 Rac8 17. Rac1 Rxc4 18. Rxc4 Nf6 19. Rc6 d5 20. a3 Rd8 21.
Qc7 Rd7 22. Qb8+ Rd8 23. Rc8 Rxc8 24. Qxc8+ Qe8 25. Qc7 Qd7 26. Qb8+ Ne8 27. g3 Kf8 28. Kg2 Qc7 29. Qxc7 Nxc7 30. h4 g6 31. f3 Ke7 32.
e4 Kd6 33. Kf2 e5 34. dxe5+ Kxe5 35. exd5 Nxd5 36. Ke2 Kd4 37. Be4 f6 38. Kd2 a5 39.
Bxd5 Kxd5 40. Kd3 b5 41. b3 h6 42. g4 Ke5 43. Ke3 Kd5 44. f4 Kc5 45. Ke4 a4 46.
b4+ Kc4 47. g5 hxg5 48. fxg5 fxg5 49. hxg5 Kb3 50. Ke5 Kxa3 51. Kf6 Kxb4 52. Kxg6 a3 53. Kf7 a2 54. g6 a1=Q 55. g7 Qxg7+ 56. Kxg7 Kc3 0-1

[Event "Early-Titled-Tuesday-Blitz-February-06-2024"]
[Site "Chess.com"]
[Date "2024.02.06"]
[Round "3"]
[White "bescmelasti"]
[Black "adotand"]
[Result "0-1"]
[WhiteElo "2683"]
[BlackElo "2894"]
[TimeControl "180+1"]
[EndTime "8:28:30 PST"]
[Termination "adotand won on time"]

1. e4 c5 2. Nf3 Nc6 3. Bb5 e6 4.
O-O Nge7 5. Re1 b6 6. d4 cxd4 7. Nxd4 Nxd4 8. Qxd4 a6 9. Bf1 Nc6 10. Qd1 Be7 11. c4 O-O 12. Nc3 Bb7 13. Be3 f5 14.
exf5 Rxf5 15. Bd3 Re5 16. Qc2 h6 17. Bf4 Rxe1+ 18. Rxe1 Qf8 19. Be3 Nb4 20. Bh7+ Kh8 21. Qb1 Bc5 22. Be4 d5 23. cxd5 exd5 24. Bf3 Bxe3 25.
fxe3 Re8 26. a3 Nc6 27. Bxd5 Qe7 28. e4 Ne5 29. Bxb7 Qxb7 30. Qd1 b5 31. Qd4 Qf7 32. h3 Qg6 33. Rf1 Kh7 34. Rf5 Qg3 35. Qf2 Qd3 36. Rf8 Re7 37. Qf5+ Ng6 38. Rf7 Qe3+ 39. Kh2 Rxf7 40.
Qxf7 Qd2 41. Qf5 Qxb2 42. Nd5 Qe5+ 43. Qxe5 Nxe5 44. Nc7 Nc4 45. Nxa6 Nxa3 46. Kg3 Kg6 47. Kf4 Kf6 48. e5+ Ke7 49. Kf5 Nc4 50. Kg6 Kf8 51.
e6 Ne5+ 52. Kf5 Nc6 53. Nc5 b4 54. Nb3 Nd8 0-1